 Dungeon Crawl Stone Soup version 0.22-a0-782-g038298e (webtiles) character file.

28 Amnesiac the Magician (level 2, -1/19 HPs)
             Began as a Mummy Earth Elementalist on July 20, 2018.
             Slain by an adder (5 damage)
             ... on level 2 of the Dungeon.
             The game lasted 00:01:38 (850 turns).

Amnesiac the Magician (Mummy Earth Elementalist)     Turns: 850, Time: 00:01:39

Health: -1/19      AC:  4    Str: 11    XL:     2   Next: 96%
Magic:  2/6        EV: 11    Int: 14    God:
Gold:   0          SH:  0    Dex: 12    Spells: 4/7 levels left

rFire    . . .     SeeInvis .   (no weapon)
rCold    + . .     Gourm    .   (no shield)
rNeg     + + +     Faith    .   d - +1 leather armour {rF+}
rPois    ∞         Spirit   .   (no helmet)
rElec    .         Reflect  .   (no cloak)
rCorr    .         Harm     .   (no gloves)
MR       .....                  (no boots)
Stlth    +.........             (no amulet)
HPRegen  0.06/turn              (no ring)
MPRegen  0.10/turn              (no ring)

@: no status effects
A: no food or potions, fire vulnerability, cold resistance 1, negative energy
resistance 3, torment resistance, unbreathing
a: no special abilities


You were on level 2 of the Dungeon.
You were not hungry.

You visited 1 branch of the dungeon, and saw 2 of its levels.

Inventory:

Missiles
 b - 15 stones (quivered)
Armour
 d - a +1 leather armour of fire resistance (worn)
Scrolls
 a - a scroll of blinking {!r, unknown}
 c - 2 scrolls of identify {!r, unknown}
 e - a scroll of remove curse {!r, unknown}


   Skills:
 - Level 1.5 Dodging
 - Level 1.5 Stealth
 + Level 3.2 Spellcasting
 - Level 0.7 Transmutations
 * Level 3.2 Earth Magic


You had 4 spell levels left.
You knew the following spells:

 Your Spells              Type           Power        Failure   Level  Hunger
a - Sandblast             Erth           ##....       8%          1    N/A
b - Passwall              Tmut/Erth      #.......     19%         2    N/A

Your spell library contained the following spells:

 Spells                   Type           Power        Failure   Level  Hunger
 Stone Arrow              Conj/Erth      #.....       38%         3    N/A
 Lee's Rapid Deconstruct  Erth           ##........   90%         5    N/A
 Petrify                  Tmut/Erth      #.......     77%         4    N/A

Dungeon Overview and Level Annotations

Branches:
Dungeon (2/15)

Altars:


Innate Abilities, Weirdness & Mutations

You do not eat or drink.
Your flesh is vulnerable to fire.
You are immune to poison.
Your flesh is cold resistant. (rC+)
You are immune to negative energy. (rN+++)
You are immune to unholy pain and torment.
You can survive without breathing.


Message History

You kill the hobgoblin!
b - 19 stones A hobgoblin, a kobold and a zombie come into view.
An adder comes into view.
The kobold shouts!
The hobgoblin shouts!
Things that are here:
a club; a hobgoblin corpse
Casting: Sandblast (safe; 8% risk of failure)
Confirm with . or Enter, or press ? or * to list all spells.
Aiming: Sandblast (safe; 8% risk of failure)
Press: ? - help, Shift-Dir - straight line, f - worker ant zombie
Aim: a worker ant zombie The blast of sand hits the worker ant zombie.
The worker ant zombie is lightly damaged.
b - 18 stones The adder hisses angrily.
The worker ant zombie barely misses you.
The hobgoblin barely misses you.
You closely miss the hobgoblin.
The worker ant zombie barely misses you.
The hobgoblin closely misses you.
There are monsters nearby!
You hit the worker ant zombie.
The worker ant zombie is lightly damaged.
The worker ant zombie closely misses you.
Casting: Sandblast (safe; 8% risk of failure)
Confirm with . or Enter, or press ? or * to list all spells.
Aiming: Sandblast (safe; 8% risk of failure)
Press: ? - help, Shift-Dir - straight line, f/p - worker ant zombie
Aim: a worker ant zombie (lightly damaged)
The blast of sand hits the worker ant zombie.
The worker ant zombie is moderately damaged.
b - 17 stones The worker ant zombie bites you.
The hobgoblin barely misses you. The adder bites you.
The hobgoblin hits you with a club. The hobgoblin hits you with a club.
* * * LOW HITPOINT WARNING * * *
The adder bites you.
* * * LOW HITPOINT WARNING * * *
There are monsters nearby!
Casting: Sandblast (safe; 8% risk of failure)
Confirm with . or Enter, or press ? or * to list all spells.
Aiming: Sandblast (safe; 8% risk of failure)
Press: ? - help, Shift-Dir - straight line, f/p - worker ant zombie
Aim: a worker ant zombie (moderately damaged)
The blast of sand hits the hobgoblin.
You kill the hobgoblin!
b - 16 stones The adder bites you.
* * * LOW HITPOINT WARNING * * *
The adder closely misses you.
You are too injured to fight recklessly!
There are monsters nearby!
Casting: Sandblast (safe; 8% risk of failure)
Confirm with . or Enter, or press ? or * to list all spells.
Aiming: Sandblast (safe; 8% risk of failure)
Press: ? - help, Shift-Dir - straight line, f/p - worker ant zombie
Aim: a worker ant zombie (moderately damaged)
The blast of sand hits the worker ant zombie.
The worker ant zombie is heavily damaged.
b - 15 stones The adder bites you.
You die...

.#
###.###.......!#####
.#####
..............#
.....#
###.##..#).#...#
..##.#
....[.....###..#
..##.#
#..##.....#...#
..##.# . #.)#....#$#
..##.#
##.###Z###.....#
#.##.#
........S#......#
...#.#
###.####@........
...#.### #.........
##.....# .+........
#.##### ## .......
#.# #...... ##.#
#..... ...# #...#
#### #+## #


You could see an adder and a worker ant zombie.

Vanquished Creatures
  A worm (D:2)
  A dart slug (D:2)
  A leopard gecko (D:2)
  A giant cockroach (D:2)
  2 goblins (D:2)
  3 hobgoblins (D:2)
  4 jackals (D:1)
  3 bats (D:2)
  A frilled lizard (D:1)
  A kobold (D:2)
  2 rats (D:2)
20 creatures vanquished.

Notes
Turn   | Place    | Note
-------+----------+-------------------------------------------
     0 | D:1      | Amnesiac the Mummy Earth Elementalist began the quest for the Orb.
     0 | D:1      | Reached XP level 1. HP: 13/13 MP: 4/4
   298 | D:2      | Reached XP level 2. HP: 19/19 MP: 3/5
   307 | D:2      | Learned a level 2 spell: Passwall
   850 | D:2      | Slain by an adder

Vault maps used:
D:1:      kilobyte_arrival_exit_the_forest
D:2:      lemuel_round_altar, minmay_pentomino_x2

Skill      XL: |  1  2 |
---------------+-------+-----
Spellcasting   | 3 |  3.2
Earth Magic    | 3 |  3.2
Dodging        | |  1.5
Stealth        | |  1.5
Transmutations | |  0.7

Action                   || total
-------------------------++-------
Melee: Unarmed           ||     3
 Cast: Sandblast         ||    34
       Passwall          ||     8
Armor: Robe              ||     1
Dodge: Dodged            ||    11

Table legend:
 A = Spawn XP
 B = Non-spawn XP
 C = Spawn XP percentage of total XP
 D = Spawn monster count
 E = Non-spawn monster count
 F = Spawn count percentage of total count
 G = Total turns spent on level
                    A         B        C        D         E        F      G
               +---------+---------+-------+---------+---------+-------+---------
         Total |       0 |      40 |   0.0 |       0 |      20 |   0.0 |   850
               +---------+---------+-------+---------+---------+-------+---------
           D:1 |       0 |       9 |   0.0 |       0 |       5 |   0.0 |   204
           D:2 |       0 |      31 |   0.0 |       0 |      15 |   0.0 |   646
               +---------+---------+-------+---------+---------+-------+---------
